 Dungeon Crawl Stone Soup version 0.27.0-66-gdc8fb28755 (webtiles) character file.

Game seed: 843368739221410762

751 Naeght the Basher (level 7, -3/58 HPs)
             Began as a Minotaur Berserker on Aug 19, 2021.
             Was a Believer of Trog.
             Slain by a gnoll sergeant (11 damage)
             ... on level 5 of the Dungeon.
             The game lasted 00:06:06 (4510 turns).

Naeght the Basher (Minotaur Berserker)              Turns: 4510, Time: 00:06:08

Health: -3/58      AC:  3    Str: 24    XL:     7   Next: 49%
Magic:  6/6        EV: 12    Int:  4    God:    Trog [**....]
Gold:   171        SH:  0    Dex:  9    Spells: 6/6 levels left

rFire    . . .     SeeInvis .   f - +0 eveningstar
rCold    . . .     Faith    .   (no shield)
rNeg     . . .     Spirit   .   g - +0 leather armour
rPois    .         Reflect  .   (helmet restricted)
rElec    .         Harm     .   (no cloak)
rCorr    .         Rampage  .   (no gloves)
Will     .....                  (no boots)
Stlth    +.........             (no amulet)
HPRegen  0.19/turn              (no ring)
MPRegen  0.10/turn              (no ring)

@: on berserk cooldown, slowed, very slow
A: horns 2, retaliatory headbutt
a: Renounce Religion, Berserk, Trog's Hand


You were on level 5 of the Dungeon.
You worshipped Trog.
Trog was pleased with you.
You visited 1 branch of the dungeon, and saw 4 of its levels.

You collected 171 gold pieces.

Inventory:

Hand Weapons
 a - a +0 mace
 f - a +0 eveningstar (weapon)
Armour
 g - a +0 leather armour (worn)
Wands
 m - a wand of iceblast (4)
Scrolls
 c - a scroll of torment {unknown}
 e - 2 scrolls of magic mapping {unknown}
 h - 2 scrolls of fog {unknown}
 i - a scroll of enchant armour {unknown}
 j - a scroll of noise {unknown}
 l - a scroll of teleportation {unknown}
 n - a scroll of identify {unknown}
 o - a scroll of acquirement {unknown}
Potions
 b - a potion of heal wounds {unknown}
 d - a potion of mutation {unknown}
 k - a potion of curing {unknown}


   Skills:
 - Level 3.8 Fighting
 * Level 8.9 Maces & Flails
 + Level 6.1 Armour
 - Level 2.4 Dodging


You had 6 spell levels left.
You didn't know any spells.
Your spell library was empty.

Dungeon Overview and Level Annotations

Branches:
Dungeon (5/15)             Temple (0/1) D:5

Altars:
The Shining One

Shops:
D:5 [


Innate Abilities, Weirdness & Mutations

You have a pair of horns on your head.
You reflexively headbutt those who attack you in melee.


Message History

You feel a strong urge to attack something.
There is an open door here.
You feel your anger nearly subside.
You are no longer berserk.
You are exhausted.
You feel yourself slow down.
You close the door.
A gnoll opens the door.
There is an open door here.
The gnoll hits you from afar with a +0 spear!
As you close the door, it creaks loudly!
The gnoll sergeant hits you but does no damage.
The gnoll sergeant hits you from afar with a +0 spear!
There is an open door here.
You close the door.
There is an open door here.
You close the door.
A gnoll sergeant opens the door.
There is an open door here.
You close the door.
Something unseen opens the door.
As you close the door, it creaks loudly!
Something unseen opens the door.
The gnoll barely misses you.
You hit the gnoll sergeant.
The gnoll sergeant is lightly wounded.
The gnoll misses you.
The gnoll sergeant hits you with a +0 spear!
The gnoll hits you from afar with a +0 spear.
You sock the gnoll sergeant! The gnoll sergeant blocks your attack.
The gnoll sergeant is heavily wounded.
The gnoll sergeant hits you with a +0 spear!
The gnoll hits you from afar with a +0 spear.
The gnoll sergeant hits you with a +0 spear.
* * * LOW HITPOINT WARNING * * *
The gnoll sergeant blocks your attack.
The gnoll sergeant is heavily wounded.
The gnoll barely misses you. The gnoll sergeant misses you.
You furiously retaliate!
You headbutt the gnoll sergeant.
The gnoll hits you from afar with a +0 spear.
* * * LOW HITPOINT WARNING * * *
The gnoll sergeant hits you with a +0 spear!
You die...

......#..#......g#..#.#
..#...+..+###+###+..'.#
.##...#..#.+...+.#gg#g#
.####.#..#.#...#.#.g#.#
...##.'##+.#._.#.+##+.#
.####.#..#.#...#.#..#.#
..# #.#..#.'...'.#..#.#
.## #.+..'###+###gg.'.#
## #.#..#......@#..###
# #.#..#.......#..#
#.###+###+###+### #..


You could see a gnoll sergeant and a gnoll.

Vanquished Creatures
  A water moccasin (D:5)
  A necrophage (D:5)
  A wolf (D:5)
  A howler monkey (D:4)
  6 hounds (D:5)
  2 iguanas (D:4)
  A scorpion zombie (D:5)
  2 orc wizards (D:5)
  3 adders
  5 gnolls
  2 adder skeletons
  A worm (D:5)
  A dart slug (D:1)
  5 orcs
  7 ball pythons
  2 endoplasms
  3 giant cockroaches (D:1)
  6 goblins
  6 hobgoblins
  5 jackals
  A quokka (D:1)
  7 bats
  2 frilled lizards
  5 kobolds
  2 rats
78 creatures vanquished.

Notes
Turn   | Place    | Note
-------+----------+-------------------------------------------
     0 | D:1      | Naeght the Minotaur Berserker began the quest for the Orb.
     0 | D:1      | Reached XP level 1. HP: 19/19 MP: 0/0
   271 | D:1      | Reached XP level 2. HP: 23/27 MP: 1/1
   332 | D:1      | Reached skill level 4 in Maces & Flails
   995 | D:1      | Reached ** piety under Trog
  1036 | D:1      | Reached XP level 3. HP: 21/33 MP: 2/2
  1551 | D:2      | Reached skill level 5 in Maces & Flails
  1747 | D:2      | Reached XP level 4. HP: 30/40 MP: 3/3
  2011 | D:2      | You fall into a shaft and drop 2 floors!
  2055 | D:4      | Reached XP level 5. HP: 28/46 MP: 4/4
  2275 | D:4      | Reached skill level 6 in Maces & Flails
  3052 | D:5      | Entered Level 5 of the Dungeon
  3131 | D:5      | Found Wohaegeq's Armour Boutique.
  3396 | D:5      | Reached XP level 6. HP: 35/52 MP: 5/5
  3397 | D:5      | Reached skill level 7 in Maces & Flails
  3438 | D:5      | Reached skill level 5 in Armour
  3677 | D:5      | Found a staircase to the Ecumenical Temple.
  3714 | D:5      | Reached skill level 8 in Maces & Flails
  3714 | D:5      | Reached XP level 7. HP: 30/58 MP: 6/6
  4436 | D:5      | Found a glowing golden altar of the Shining One.
  4510 | D:5      | Slain by a gnoll sergeant

Illustrated notes

Levels and vault maps discovered:
D:1:      dpeg_arrival_another_circle, layout_basic, st_stairs_8
D:2:      minmay_skewed_foursquare, layout_loops_ring, due_unseen_surprise
D:4:      layout_cave_pods, abandoned_shop, nrook_loot_triangle
D:5:      layout_cave_pools, mainiacjoe_overflow_24_doors,
          nicolae_hepliaklqana_monster_ancestors, temple_pool_b,
          serial_gnoll_camp, gnoll_camp_mini_shop, gnoll_camp_mini_basic,
          gnoll_camp_huts_basic, grums_kennel, minmay_hedge_maze

Skill      XL: |  1  2  3  4  5  6  7 |
---------------+----------------------+-----
Maces & Flails | 4 5 6 8 |  8.9
Armour         | 3 4 5 6 |  6.1
Fighting       | |  3.8
Dodging        | |  2.4

Action                   |  1- 3 |  4- 6 |  7- 9 || total
-------------------------+-------+-------+-------++-------
Melee: Mace              |    21 |       |       ||    21
       Headbutt          |     3 |    10 |     3 ||    16
       Eveningstar       |    45 |    73 |    18 ||   136
Invok: Berserk           |       |     2 |     1 ||     3
Armor: Animal skin       |     9 |       |       ||     9
       Leather armour    |    10 |    19 |     4 ||    33
Dodge: Dodged            |    49 |    58 |    15 ||   122
